 Dungeon Crawl Stone Soup version 0.29.0-4-gdea44cf6ec (webtiles) character file.

Game seed: 8970201544172139902

695 qw the Grappler (level 7, 0/66 HPs)
             Began as a Troll Cinder Acolyte on Aug 31, 2022.
             Was a High Priest of Ignis.
             Slain by an orc
             ... wielding a +2 hand axe of distortion
              (4 damage)
             ... on level 4 of the Dungeon.
             The game lasted 00:01:40 (2758 turns).

qw the Grappler (Troll Cinder Acolyte)              Turns: 2758, Time: 00:01:40

Health: 0/66       AC: 14    Str: 31    XL:     7   Next: 37%
Magic:  7/7        EV:  9    Int: 10    God:    Ignis [*****.]
Gold:   114        SH:  0    Dex:  5    Spells: 8/8 levels left

rFire   + . .      SeeInvis +     - Unarmed
rCold   . . .      Faith    .   (no shield)
rNeg    . . .      Spirit   .   a - +0 robe
rPois   .          Reflect  .   (helmet restricted)
rElec   .          Harm     .   f - +2 cloak {rCorr}
rCorr   +          Rampage  .   (gloves unavailable)
Will    .....                   (boots unavailable)
Stlth   +.........              (no amulet)
HPRegen 1.01/turn               e - +6 ring of strength
MPRegen 0.10/turn               g - ring of see invisible

@: lethally poisoned (0 -> -1), about to teleport, fiery-armoured
A: large, unfitting armour, claws 3, regeneration 1, shaggy fur 1, tough skin 1
a: Renounce Religion, Fiery Armour, Foxfire Swarm, Rising Flame


You were on level 4 of the Dungeon.
You worshipped Ignis.
Ignis was extremely pleased with you.
You visited 1 branch of the dungeon, and saw 4 of its levels.
You visited the Abyss 1 time.

You collected 114 gold pieces.


Innate Abilities, Weirdness & Mutations

You are too large for most types of armour.
You have claws for hands.
Your natural rate of healing is unusually fast.
You are covered in fur. (AC +1)
You have tough skin. (AC +1)


   Skills:
 + Level 2.4 Fighting
 - Level 8.7 Unarmed Combat
 - Level 1.0 Spellcasting
 - Level 2.1 Fire Magic


You had 8 spell levels left.
You didn't know any spells.
Your spell library contained the following spells:

 Spells                   Type           Power      Damage    Failure   Level
 Scorch                   Fire           8%         2d5       22%         2

Inventory:

Missiles
 c - 2 boomerangs (quivered)
Armour
 a - a +0 robe (worn)
 f - a +2 cloak of preservation (worn)
Jewellery
 e - a +6 ring of strength (left claw)
 g - a ring of see invisible (right claw)
 h - a ring of willpower
Potions
 b - 3 potions of curing
 i - a potion of berserk rage {unknown}
 k - a potion of degeneration {unknown}
 m - a potion of haste {unknown}

Dungeon Overview and Level Annotations

Branches:
Dungeon (4/15)
 Temple: D:4-7

Altars:
Uskayaw
Vehumet

Shops:
D:2 *


Message History

You claw the smoke demon!
You kill the smoke demon!
Your Unarmed Combat skill increases to level 8!
You have reached level 7!
The substance of the Abyss twists violently, and a gateway leading out appears!
You pass through the gate.
Welcome back to the Dungeon!
The adder bites you. The adder closely misses you.
The orc hits you with a +2 hand axe of distortion.
Space warps around you.
2754 ||| Stepping ~*~*~tactically~*~*~ (outnumbered).
The orc attacks as you move away! The orc hits you but does no damage.
Space warps around you. The adder attacks as you move away!
The adder completely misses you.
You scratch the adder but do no damage. The adder bites you.
You are poisoned.
The adder poisons you! The orc closely misses you.
The orc hits you but does no damage. Space warps around you.
2756 ||| INVOKING Fiery Armour.
A protective cloak of flame settles atop you.
You feel sick. The adder bites you but does no damage.
The adder is burned by your cloak of flames.
The adder is moderately wounded.
The adder bites you but does no damage.
The adder is burned by your cloak of flames.
The adder is severely wounded.
The orc barely misses you. x2
You closely miss the adder. Your claw misses the adder.
The adder is severely wounded.
You feel sick. The adder closely misses you.
The orc hits you but does no damage. Space warps horribly around you!!
A necrophage comes into view.
The orc barely misses you.
2758 ||| READING scroll of teleportation.
As you read the scroll of teleportation, it crumbles to dust.
You feel strangely unstable.
You feel sick. The adder closely misses you.
The orc hits you with a +2 hand axe of distortion.
Space warps horribly around you.
You die...

.. >..
##########...
#..@S....n.?.
#..oo.......
#...........
#......###..
#......#
##.....##
#....%.#
#...<..#
#......#


You could see a necrophage, an adder and 2 orcs.

Vanquished Creatures
  A smoke demon (Abyss:1)
  A phantom (D:3)
  2 scorpions
  Natasha (thrice) (D:2)
  7 adders
  2 dart slugs (D:2)
  2 orcs (D:3)
  8 ball pythons
  2 endoplasms
  5 giant cockroaches
  5 goblins
  7 hobgoblins
  2 jackals (D:1)
  6 kobolds
  A quokka (D:1)
  6 bats
  5 frilled lizards
  6 rats
71 creatures vanquished.

Vanquished Creatures (others)
  A lurking horror (Abyss:1)
1 creature vanquished.

Grand Total: 72 creatures vanquished

Notes
Turn   | Place    | Note
-------+----------+-------------------------------------------
     0 | D:1      | qw the Troll Cinder Acolyte began the quest for the Orb.
     0 | D:1      | Reached XP level 1. HP: 22/22 MP: 1/1
     0 | D:1      | 0 ||| qw: Version: 0.1-a-97-g2dd2ca4
     0 | D:1      | 0 ||| qw: Game counter: 4523
     0 | D:1      | 0 ||| qw: Always use a shield: true
     0 | D:1      | 0 ||| qw: God list: Okawaru
     0 | D:1      | 0 ||| qw: Allow faded altars: false
     0 | D:1      | 0 ||| qw: Do Orc after D:15 true
     0 | D:1      | 0 ||| qw: Do second Lair branch before Depths: true
     0 | D:1      | 0 ||| qw: Lair rune preference: random
     0 | D:1      | 0 ||| qw: Plans: Normal
     0 | D:1      | 0 ||| PLANNING D:1-11
   114 | D:1      | Reached XP level 2. HP: 27/29 MP: 2/2
   448 | D:1      | Reached skill level 4 in Unarmed Combat
   930 | D:1      | 930 ||| UPGRADING to +6 ring of strength.
   931 | D:1      | 931 ||| UPGRADING to ring of see invisible.
   932 | D:1      | 932 ||| READING scroll labelled VABYIM ZOPE.
   933 | D:1      | 933 ||| READING 3 scrolls labelled KAZUSICHAD.
   934 | D:1      | 934 ||| READING 2 scrolls labelled LIGARY LOERGH.
   939 | D:1      | 939 ||| DRINKING 3 fuming dark potions.
   940 | D:1      | 940 ||| DROPPING 2 scrolls of amnesia.
   963 | D:2      | Found Urchapne's Assorted Antiques.
   969 | D:2      | 969 ||| SHOPLISTING glowing shadow dragon scales (2241
                  | gold, have 20).
   969 | D:2      | 969 ||| SHOPLISTING scroll labelled MYM NOGGUFFONI (27
                  | gold, have 20).
   969 | D:2      | 969 ||| SHOPLISTING scroll labelled NAOTHRE NEEHUBE (27
                  | gold, have 20).
   969 | D:2      | 969 ||| SHOPLISTING scroll of teleportation (81 gold, have
                  | 20).
   981 | D:2      | Reached XP level 3. HP: 29/36 MP: 3/3
  1054 | D:2      | 1054 ||| Stepping ~*~*~tactically~*~*~ (hiding).
  1211 | D:2      | Noticed Natasha
  1213 | D:2      | Killed Natasha
  1214 | D:2      | Reached skill level 5 in Unarmed Combat
  1214 | D:2      | Reached XP level 4. HP: 44/44 MP: 4/4
  1234 | D:2      | 1234 ||| Stepping ~*~*~tactically~*~*~ (outnumbered).
  1305 | D:2      | Noticed Natasha
  1306 | D:2      | 1306 ||| Stepping ~*~*~tactically~*~*~ (hiding).
  1310 | D:2      | Killed Natasha
  1316 | D:2      | Noticed Natasha
  1322 | D:2      | Killed Natasha
  1323 | D:2      | Reached XP level 5. HP: 50/50 MP: 5/5
  1612 | D:2      | 1612 ||| DROPPING orb of energy.
  1613 | D:2      | 1613 ||| DROPPING amulet of magic regeneration.
  1614 | D:2      | 1614 ||| READING scroll labelled JOZXUN YCWA.
  1615 | D:2      | 1615 ||| READING scroll labelled IROTIARRIARE.
  1616 | D:2      | 1616 ||| READING scroll labelled CEOGU DUIRILASK.
  1617 | D:2      | 1617 ||| READING scroll labelled VAOSYH ZULOU.
  1642 | D:2      | 1642 ||| DRINKING 2 murky silvery potions.
  1643 | D:2      | 1643 ||| DROPPING potion of attraction.
  1738 | D:3      | 1738 ||| Stepping ~*~*~tactically~*~*~ (stealth).
  1780 | D:3      | Found a faded altar of an unknown god.
  1784 | D:3      | Reached skill level 6 in Unarmed Combat
  1874 | D:3      | Noticed a phantom
  1886 | D:3      | Killed a phantom
  1907 | D:3      | 1907 ||| Stepping ~*~*~tactically~*~*~ (stealth).
  1995 | D:3      | Found a radiant altar of Vehumet.
  2039 | D:3      | Reached XP level 6. HP: 59/59 MP: 6/6
  2039 | D:3      | 2039 ||| Stepping ~*~*~tactically~*~*~ (stealth).
  2041 | D:3      | 2041 ||| Stepping ~*~*~tactically~*~*~ (stealth).
  2331 | D:3      | Found a hide-covered altar of Uskayaw.
  2602 | D:3      | 2602 ||| READING 2 scrolls labelled YHEH MOGASYOQ.
  2603 | D:3      | 2603 ||| READING scroll labelled UMAOC HOM BAH.
  2604 | D:3      | 2604 ||| DRINKING 2 black potions.
  2605 | D:3      | 2605 ||| DROPPING scroll of fear.
  2606 | D:3      | 2606 ||| DROPPING potion of brilliance.
  2634 | D:4      | 2634 ||| STAIRDANCE
  2637 | D:3      | Reached skill level 7 in Unarmed Combat
  2658 | Abyss:1  | Cast into level 1 of the Abyss (orc)
  2659 | Abyss:1  | 2659 ||| UPGRADING to +2 cloak of preservation.
  2726 | Abyss:1  | 2726 ||| Stepping ~*~*~tactically~*~*~ (stealth).
  2743 | Abyss:1  | Noticed a smoke demon
  2743 | Abyss:1  | 2743 ||| Stepping ~*~*~tactically~*~*~ (stealth).
  2745 | Abyss:1  | 2745 ||| Stepping ~*~*~tactically~*~*~ (stealth).
  2750 | Abyss:1  | Killed a smoke demon
  2751 | Abyss:1  | Reached skill level 8 in Unarmed Combat
  2751 | Abyss:1  | Reached XP level 7. HP: 47/66 MP: 7/7
  2753 | D:4      | Escaped the Abyss
  2754 | D:4      | 2754 ||| Stepping ~*~*~tactically~*~*~ (outnumbered).
  2756 | D:4      | 2756 ||| INVOKING Fiery Armour.
  2757 | D:4      | HP: 8/66 [orc/+2 hand axe of distortion (23)]
  2758 | D:4      | 2758 ||| READING scroll of teleportation.
  2758 | D:4      | Slain by an orc

Levels and vault maps discovered:
D:1:      wheals_arrival_linesprint, layout_basic, minmay_tripent
D:2:      layout_basic, serial_shops, nicolae_shop_hallway_plus, uniq_natasha
D:3:      layout_basic, nicolae_vehumet_radiance, amcnicky_altar_gilded,
          hellmonk_ecumenical_altar_slurped_away, minmay_quantized
D:4:      layout_basic, minmay_temple_entry_gardened_gates, saegor_snake_ambush,
          uniq_pikel, uniq_sigmund

Skill      XL: |  1  2  3  4  5  6 |
---------------+-------------------+-----
Unarmed Combat | 4 5 6 8 |  8.7
Fighting       | |  2.4
Spellcasting   | |  1.0
Fire Magic     | |  2.1

Action                   |  1- 3 |  4- 6 |  7- 9 || total
-------------------------+-------+-------+-------++-------
Melee: Unarmed           |    73 |   100 |     2 ||   175
       Punch             |     2 |     1 |       ||     3
Throw: Boomerang         |    30 |    36 |       ||    66
Invok: Fiery Armour      |       |       |     1 ||     1
  Use: Scroll            |     3 |     6 |     1 ||    10
       Potion            |     1 |     2 |       ||     3
Armor: Robe              |    22 |    29 |     5 ||    56
Dodge: Dodged            |    22 |    50 |     8 ||    80

Table legend:
 A = Non-vault XP
 B = Vault XP
 C = Vault XP percentage of total XP
 D = Non-vault monster count
 E = Vault monster count
 F = Vault count percentage of total count
                 A         B        C        D         E       F
            +---------+---------+-------+---------+---------+-------
      Total |     944 |      49 |   4.9 |      63 |       8 |  11.3
            +---------+---------+-------+---------+---------+-------
        D:1 |      35 |       4 |  10.3 |      20 |       2 |   9.1
        D:2 |     146 |      35 |  19.3 |      19 |       1 |   5.0
        D:3 |     247 |      10 |   3.9 |      22 |       5 |  18.5
        D:4 |      83 |       0 |   0.0 |       1 |       0 |   0.0
    Abyss:1 |     433 |       0 |   0.0 |       1 |       0 |   0.0
            +---------+---------+-------+---------+---------+-------
